 Dungeon Sprint DCSS version 0.29-a0-392-g297d3b089c (webtiles) character file.

Game seed: 3681243885617474461

65640 mhtbhm the Shatterer (level 15, -4/183 HPs)
             Began as a Gargoyle Berserker on May 8, 2022.
             Was a High Priest of Trog.
             Slain by Zaewuph the pandemonium lord (13 damage)
             ... in the Dungeon (Sprint VII: "The Pits").
             The game lasted 00:15:27 (5979 turns).

mhtbhm the Shatterer (Gargoyle Berserker)           Turns: 5979, Time: 00:15:28

Health: -4/183     AC: 21    Str: 29    XL:     15   Next: 17%
Magic:  15/15      EV:  8    Int:  5    God:    Trog [*****.]
Gold:   56         SH: 10    Dex:  9    Spells: 14/14 levels left

rFire   + . .      SeeInvis .   n - +4 demon whip (elec)
rCold   + . .      Faith    .   q - +0 kite shield {reflect}
rNeg    + . .      Spirit   .   b - +2 gold dragon scales
rPois   ∞          Reflect  +   C - +2 helmet
rElec   +          Harm     .   D - +2 cloak
rCorr   .          Rampage  .   A - +1 pair of gloves {Stlth+}
Will    +....      NoTele   +   o - +2 pair of boots
Stlth   ..........              (no amulet)
HPRegen 0.40/turn               k - +3 ring of protection
MPRegen 0.14/turn               z - +4 ring of protection

@: berserking (expiring), corroded, flying, hasted, very quick
A: sickness immunity, AC +11, big wings, negative energy resistance 1,
electricity resistance, torment resistance 1, petrification resistance, dopey 1
a: Renounce Religion, Berserk, Trog's Hand, Brothers in Arms


You were in the Dungeon.
You worshipped Trog.
Trog was extremely pleased with you.
You visited 1 branch You collected 56 gold pieces.

Inventory:

Hand Weapons
 a - the +7 great mace of the Past {vorpal, rPois}
   (Trog gifted it to you in the Dungeon)

   It inflicts extra damage upon your enemies.
   rPois:     It protects you from poison.
 n - a +4 demon whip of electrocution (weapon)
 B - a +4 demon whip of flaming
Missiles
 u - 2 curare-tipped darts (quivered)
 x - a silver javelin
Armour
 b - +2 gold dragon scales (worn)
 o - a +2 pair of boots (worn)
 q - a +0 kite shield of reflection (worn)
 A - a +1 pair of gloves of stealth (worn)
 C - a +2 helmet (worn)
 D - a +2 cloak (worn)
Jewellery
 k - a +3 ring of protection (left hand)
 t - a ring of fire
 z - a +4 ring of protection (right hand)
Wands
 p - a wand of iceblast (1)
 r - a wand of flame (17)
Scrolls
 h - 2 scrolls of blinking
 j - a scroll of summoning
 s - 2 scrolls of identify
 w - 2 scrolls of fear
 y - 4 scrolls of enchant armour
Potions
 c - 8 potions of curing
 d - 2 potions of heal wounds
 e - 2 potions of haste
 f - 4 potions of magic
 g - 7 potions of berserk rage
 i - a potion of invisibility
 m - 4 potions of mutation
 v - a potion of might
Miscellaneous
 l - a phial of floods


   Skills:
 + Level 24.4 Fighting
 + Level 26.5 Maces & Flails
 + Level 2.0 Throwing
 + Level 20.3 Armour
 + Level 8.1 Dodging
 - Level 3.2 Stealth
 * Level 10.6 Shields
 + Level 7.9 Evocations


You had 14 spell levels left.
You didn't know any spells.
Your spell library was empty.

Dungeon Overview and Level Annotations

Branches:
Dungeon (1/1)

Altars:
Gozag
Hepliaklqana
Sif Muna
Trog
Jiyva


Innate Abilities, Weirdness & Mutations

You are immune to sickness and miasma.
Your stone body is resilient. (AC +11)
You are immune to poison.
Your large and strong wings let you fly.
You resist negative energy. (rN+)
You are resistant to electric shocks. (rElec)
You are resistant to unholy torment.
You are immune to petrification.
You are dopey. (Int -2)


Message History

You miss Zaewuph.
Zaewuph is heavily wounded.
You are engulfed in acidic fog.
Zaewuph hits you. Zaewuph corrodes you!
Unknown command.
Unknown command.
You completely miss Zaewuph.
Zaewuph is heavily wounded.
You are engulfed in acidic fog.
Unknown command.
Press: ? - help, v - describe, . - travel, g - get item
Here: Zaewuph (heavily wounded, surrounded by acidic fog)
Items here: a +4 spear of pain; a +0 leather armour.
The floor, spattered with blood.
You hit Zaewuph but do no damage.
Zaewuph is heavily wounded.
You are engulfed in acidic fog.
The acid corrodes you! Zaewuph hits you. Zaewuph corrodes you!
Unknown command.
You thrash Zaewuph!!
Zaewuph is heavily wounded.
You are engulfed in acidic fog.
* * * LOW HITPOINT WARNING * * *
You hit Zaewuph but do no damage.
Zaewuph is heavily wounded.
You are engulfed in acidic fog.
* * * LOW HITPOINT WARNING * * *
Zaewuph hits you!
* * * LOW HITPOINT WARNING * * *
Zaewuph corrodes you!
You barely miss Zaewuph.
Zaewuph is heavily wounded.
You are engulfed in acidic fog.
* * * LOW HITPOINT WARNING * * *
You block Zaewuph's attack.
Unknown command.
You are engulfed in acidic fog.
* * * LOW HITPOINT WARNING * * *
Zaewuph hits you. Zaewuph corrodes you! Zaewuph attacks as you move away!
Zaewuph hits you!
You die...

#)# #+#
#.# #.#
#'# ☼☼.
#.# +☼#
#)# #○#
#.#
##§###'#
+☼..##.##
#'.##°@°#
#.##''°&○#
## ####°##
#)# #.#
#'# #)#
#'# #.#


You could see Zaewuph (clouds).

Vanquished Creatures
  A pandemonium lord (D)
  An ancient lich (D)
  An orb of fire (D)
  A royal mummy (D)
  An electric golem (D)
  A storm dragon (D)
  Donald (D)
  A nagaraja (D)
  A rockslime (D)
  A ghost moth (D)
  An orc warlord (D)
  Aizul (D)
  2 balrugs (D)
  A spriggan defender (D)
  An angel (D)
  A green death (D)
  A mummy priest (D)
  A merfolk javelineer (D)
  A fire dragon (D)
  2 boulder beetles (D)
  2 naga warriors (D)
  Erica (D)
  A death yak (D)
  2 vampire magi (D)
  An orc high priest (D)
  An iron troll (D)
  A sixfirhy (D)
  2 swamp dragons (D)
  A bog body (D)
  A lindwurm (D)
  3 orc knights (D)
  2 deep elf pyromancers (D)
  2 deep elf zephyrmancers (D)
  A salamander (D)
  A black mamba (D)
  A smoke demon (D)
  A gargoyle (D)
  A hellion (D)
  A demonic crawler (D)
  An unseen horror (D)
  2 kobold demonologists (D)
  A komodo dragon (D)
  A rime drake (D)
  2 hellwings (D)
  A queen bee (shapeshifter) (D)
  A merfolk (D)
  A tyrant leech (D)
  Prince Ribbit (D)
  A tarantella (D)
  A hornet (D)
  A polar bear (D)
  2 blink frogs (D)
  An air elemental (D)
  A spriggan (D)
  2 shadows (D)
  4 yaks (D)
  A basilisk (D)
  A water elemental (D)
  2 fire bats (D)
  A wyvern (D)
  A large abomination (D)
  A redback (D)
  A small abomination (D)
  A warg (D)
  3 nagas (D)
  A floating eye (shapeshifter) (D)
  A swamp drake (D)
  A sky beast (D)
  2 orc warriors (D)
  An ogre (D)
  A black bear (D)
  A centaur (D)
  4 wolves (D)
  A crimson imp (D)
  A gnoll shaman (D)
  An iron imp (D)
  An iguana (D)
  3 orc wizards (D)
  A hell rat (D)
  3 gnolls (D)
  An adder (D)
  An ufetubus (D)
  A worm (D)
  3 orcs (D)
  An endoplasm (D)
  2 giant cockroaches (D)
  A hobgoblin (D)
  2 jackals (D)
  A quokka (D)
  A bat simulacrum (D)
  2 goblins (D)
  A jackal skeleton (D)
  3 kobolds (D)
127 creatures vanquished.

Vanquished Creatures (collateral kills)
  A curse toe (D)
  An orc warlord (D)
  A balrug (D)
  5 vault guards (D)
  A great orb of eyes (D)
  A two-headed ogre (D)
  A boulder beetle (D)
  A naga warrior (D)
  A death yak (D)
  A sun demon (D)
  A deep elf knight (D)
  A swamp dragon (D)
  8 orc knights (D)
  A rime drake (D)
  Psyche (D)
  A guardian mummy (D)
  A troll (D)
  2 merfolk (D)
  A blink frog (D)
  A spriggan (D)
  A chaos spawn (D)
  A swamp drake (D)
  An orc warrior (D)
  A sky beast (D)
  A kobold brigand (D)
  A crimson imp (D)
  A quasit (D)
  An orc wizard (D)
  3 orcs (D)
  A frilled lizard (D)
44 creatures vanquished.

Vanquished Creatures (others)
  A pandemonium lord (D)
  A fire vortex (D)
2 creatures vanquished.

Grand Total: 173 creatures vanquished

Notes
Turn   | Place    | Note
-------+----------+-------------------------------------------
     0 | D        | mhtbhm the Gargoyle Berserker began the quest for the Orb.
     0 | D        | Reached XP level 1. HP: 14/14 MP: 1/1
    79 | D        | Reached ** piety under Trog
   128 | D        | Reached skill level 4 in Maces & Flails
   128 | D        | Reached XP level 2. HP: 13/20 MP: 2/2
   128 | D        | Reached *** piety under Trog
   404 | D        | Reached **** piety under Trog
   494 | D        | Found a bloodstained altar of Trog.
   494 | D        | Found a shimmering blue altar of Sif Muna.
   494 | D        | Found a viscous altar of Jiyva.
   494 | D        | Found a hazy altar of Hepliaklqana.
   494 | D        | Found an opulent altar of Gozag.
   517 | D        | Noticed a black bear
   517 | D        | Noticed a centaur
   526 | D        | Killed a black bear
   527 | D        | Reached skill level 6 in Maces & Flails
   527 | D        | Reached XP level 3. HP: 28/28 MP: 3/3
   527 | D        | Reached XP level 4. HP: 32/32 MP: 4/4
   530 | D        | Killed a centaur
   531 | D        | Reached skill level 8 in Maces & Flails
   531 | D        | Reached XP level 5. HP: 38/38 MP: 5/5
   537 | D        | Reached ***** piety under Trog
   563 | D        | Reached XP level 6. HP: 43/44 MP: 6/6
   586 | D        | Noticed Prince Ribbit
   591 | D        | Killed Prince Ribbit
   592 | D        | Reached skill level 10 in Maces & Flails
   592 | D        | Reached skill level 5 in Armour
   592 | D        | Reached XP level 7. HP: 49/51 MP: 7/7
   599 | D        | Noticed a deep elf zephyrmancer
   605 | D        | Killed a deep elf zephyrmancer
   605 | D        | Received a gift from Trog
   606 | D        | Reached skill level 10 in Fighting
   606 | D        | Reached skill level 12 in Maces & Flails
   606 | D        | Reached skill level 5 in Dodging
   606 | D        | Reached XP level 8. HP: 57/57 MP: 8/8
   776 | D        | Noticed a spriggan
   776 | D        | Noticed an orc high priest
   776 | D        | Noticed a troll
   779 | D        | Noticed a soul eater
   785 | D        | Noticed a smoke demon
   792 | D        | Killed an orc high priest
   793 | D        | Reached skill level 13 in Maces & Flails
   797 | D        | Killed a spriggan
   798 | D        | Reached XP level 9. HP: 33/63 MP: 9/9
   799 | D        | Reached skill level 14 in Maces & Flails
   801 | D        | Killed a troll
  1106 | D        | Received a gift from Trog
  1181 | D        | Noticed a hellwing
  1192 | D        | Killed a hellwing
  1193 | D        | Reached skill level 15 in Maces & Flails
  1193 | D        | Reached skill level 10 in Armour
  1208 | D        | Noticed a hellwing
  1208 | D        | Noticed a kobold demonologist
  1221 | D        | Killed a hellwing
  1226 | D        | Killed a kobold demonologist
  1232 | D        | Reached ****** piety under Trog
  1232 | D        | Received a gift from Trog
  1247 | D        | Reached XP level 10. HP: 71/71 MP: 10/10
  1370 | D        | Reached skill level 16 in Maces & Flails
  1370 | D        | Reached skill level 1 in Stealth
  1504 | D        | Noticed a boulder beetle
  1510 | D        | Received a gift from Trog
  1527 | D        | Killed a boulder beetle
  1681 | D        | Noticed a death yak
  1681 | D        | Noticed Erica
  1692 | D        | Killed Erica
  1696 | D        | HP: 3/109 [death yak (15)]
  1700 | D        | Killed a death yak
  1701 | D        | Reached skill level 17 in Maces & Flails
  2029 | D        | Identified the +7 great mace of the Past {vorpal, rPois}
                  | (Trog gifted it to you in the Dungeon)
  2029 | D        | Received a gift from Trog
  2045 | D        | Noticed a bog body
  2054 | D        | Killed a bog body
  2055 | D        | Reached XP level 11. HP: 46/80 MP: 11/11
  2202 | D        | Noticed Donald
  2212 | D        | Killed Donald
  2213 | D        | Reached skill level 18 in Maces & Flails
  2351 | D        | Noticed a two-headed ogre
  2359 | D        | Received a gift from Trog
  2359 | D        | Noticed a lindwurm
  2365 | D        | Killed a two-headed ogre
  2366 | D        | Reached skill level 15 in Fighting
  2372 | D        | Reached skill level 19 in Maces & Flails
  2373 | D        | Received a gift from Trog
  2383 | D        | Killed a lindwurm
  2388 | D        | Received a gift from Trog
  2658 | D        | Noticed a boulder beetle
  2665 | D        | Killed a boulder beetle
  2875 | D        | Received a gift from Trog
  2876 | D        | Reached skill level 20 in Maces & Flails
  2878 | D        | Noticed a deep elf pyromancer
  2884 | D        | Killed a deep elf pyromancer
  2909 | D        | Noticed a naga warrior
  2910 | D        | Noticed a salamander
  2917 | D        | Killed a naga warrior
  2918 | D        | Reached XP level 12. HP: 70/89 MP: 12/12
  3000 | D        | Noticed a mummy priest
  3009 | D        | Noticed a soul eater
  3010 | D        | Received a gift from Trog
  3021 | D        | Killed a mummy priest
  3022 | D        | Reached skill level 21 in Maces & Flails
  3211 | D        | Noticed a green death
  3211 | D        | Noticed a storm dragon
  3217 | D        | Killed a green death
  3222 | D        | Killed a storm dragon
  3222 | D        | Received a gift from Trog
  3234 | D        | Reached skill level 15 in Armour
  3244 | D        | Reached skill level 22 in Maces & Flails
  3407 | D        | Noticed a boulder beetle
  3410 | D        | Received a gift from Trog
  3442 | D        | Noticed Aizul
  3443 | D        | Killed a boulder beetle
  3443 | D        | Received a gift from Trog
  3447 | D        | Noticed an angel
  3449 | D        | Killed Aizul
  3450 | D        | Reached skill level 1 in Evocations
  3453 | D        | Noticed a death yak
  3456 | D        | Killed an angel
  3457 | D        | Reached XP level 13. HP: 96/99 MP: 13/13
  3458 | D        | Noticed Psyche
  3461 | D        | Received a gift from Trog
  3461 | D        | Killed Psyche
  3472 | D        | Noticed a great orb of eyes
  3474 | D        | Paralysed by a great orb of eyes for 4 turns
  3474 | D        | Killed a great orb of eyes
  3475 | D        | Reached skill level 23 in Maces & Flails
  3562 | D        | Identified the +8 hand axe of the Orcish Mines {antimagic,
                  | +Blink}
  3566 | D        | Received a gift from Trog
  3766 | D        | Noticed an orc warlord
  3766 | D        | Noticed an orc warlord
  3768 | D        | Noticed a vault guard
  3773 | D        | Noticed a nagaraja
  3777 | D        | Noticed a vault guard
  3778 | D        | Killed a vault guard
  3778 | D        | Received a gift from Trog
  3781 | D        | Killed an orc warlord
  3781 | D        | Noticed a vault guard
  3785 | D        | Noticed a vault guard
  3786 | D        | Killed a vault guard
  3790 | D        | Killed a nagaraja
  3799 | D        | Reached skill level 24 in Maces & Flails
  3799 | D        | Killed a vault guard
  3801 | D        | Killed an orc warlord
  3801 | D        | Received a gift from Trog
  3809 | D        | Received a gift from Trog
  3811 | D        | Killed a vault guard
  3812 | D        | Reached skill level 5 in Evocations
  3816 | D        | Gained mutation: Your large and strong wings let you fly.
                  | [Gargoyle growth]
  3816 | D        | Reached XP level 14. HP: 77/110 MP: 14/14
  3992 | D        | Noticed a spriggan defender
  4015 | D        | Killed a spriggan defender
  4016 | D        | Reached skill level 25 in Maces & Flails
  4470 | D        | Noticed Datir the pandemonium lord
  4481 | D        | Killed Datir the pandemonium lord
  4482 | D        | Reached skill level 1 in Throwing
  4563 | D        | Noticed a balrug
  4567 | D        | Killed a balrug
  4568 | D        | Reached skill level 5 in Shields
  4603 | D        | Noticed an ancient lich
  4615 | D        | Killed an ancient lich
  4722 | D        | Killed a ghost moth
  4722 | D        | Received a gift from Trog
  4732 | D        | Noticed a curse toe
  4732 | D        | Noticed a rockslime
  4732 | D        | Noticed a balrug
  4737 | D        | Killed a rockslime
  4752 | D        | Killed a balrug
  4758 | D        | Killed a curse toe
  4759 | D        | Reached skill level 26 in Maces & Flails
  4969 | D        | Noticed an orb of fire
  4969 | D        | Gained mutation: You are dopey. (Int -2) [an orb of fire]
  5092 | D        | Killed an orb of fire
  5266 | D        | Received a gift from Trog
  5268 | D        | Noticed an electric golem
  5277 | D        | Killed an electric golem
  5431 | D        | Noticed a balrug
  5436 | D        | Killed a balrug
  5437 | D        | Reached XP level 15. HP: 120/120 MP: 15/15
  5439 | D        | Noticed a royal mummy
  5448 | D        | Killed a royal mummy
  5449 | D        | Reached skill level 10 in Shields
  5492 | D        | Received a gift from Trog
  5623 | D        | Noticed Haz Mani the pandemonium lord
  5641 | D        | Killed Haz Mani the pandemonium lord
  5946 | D        | Noticed Zaewuph the pandemonium lord
  5978 | D        | HP: 9/183 [Zaewuph the pandemonium lord] (6)]
  5979 | D        | Slain by Zaewuph the pandemonium lord

Illustrated notes

Levels and vault maps discovered:
D:        pitsprint [storerooms_1, entrance_room_1, metal_vault_3, armoury_1,
          mini_pit_1, grid_room_1, main_hall_1, silver_pit, the_coven_3,
          the_vestibule_1, steel_vault_5, golden_pit, hallway_of_sentries,
          crystal_vault_6, iron_vault_2, final_vault]

Skill      XL: |  1  2  3  4  5  6  7  8  9 10 11 12 13 14 15 |
---------------+----------------------------------------------+-----
Fighting       | 4 6 7 9 10 12 14 16 18 21 24 | 24.4
Maces & Flails | 4 6 8 10 12 13 15 17 20 22 24 26 | 26.5
Dodging        | 2 3 4 5 6 7 8 |  8.1
Armour         | 3 4 5 6 8 10 12 14 15 17 19 20 | 20.3
Stealth        | 3 |  3.2
Evocations     | 1 5 7 |  7.9
Throwing       | 2 |  2.0
Shields        | 9 10 | 10.6

Action                   |  1- 3 |  4- 6 |  7- 9 | 10-12 | 13-15 || total
-------------------------+-------+-------+-------+-------+-------++-------
Melee: Mace              |    37 |    28 |    38 |       |       ||   103
       Punch             |     2 |     1 |     1 |       |       ||     4
       Dire flail        |       |       |    42 |       |       ||    42
       Great mace        |       |       |       |   223 |   155 ||   378
       Demon whip        |       |       |       |       |    54 ||    54
Throw: Dart              |       |       |       |       |     2 ||     2
Invok: Berserk           |     1 |       |     2 |     7 |     8 ||    18
       Brothers in Arms  |       |       |     1 |     2 |     9 ||    12
       Trog's Hand       |       |       |       |       |     1 ||     1
Evoke: Wand              |       |       |       |     6 |     3 ||     9
       Phial of floods   |       |       |       |       |     2 ||     2
  Use: Potion            |     2 |       |       |     4 |     6 ||    12
       Scroll            |       |       |       |       |     2 ||     2
 Stab: Confused          |       |       |     1 |       |       ||     1
       Invisible         |       |       |       |       |     1 ||     1
Armor: Animal skin       |     9 |       |       |       |       ||     9
       Chain mail        |     4 |    18 |    45 |    65 |       ||   132
       Crystal plate arm |       |       |       |    37 |       ||    37
       Plate armour      |       |       |       |    55 |    27 ||    82
       Gold dragon scale |       |       |       |       |    95 ||    95
Dodge: Dodged            |    22 |    13 |    31 |    84 |    42 ||   192
Block: Kite shield       |       |       |       |       |    22 ||    22

Table legend: (Time is in decaauts)
 A = Elapsed time spent in this place.
 B = Non-inter-level travel time spent in this place.
 C = Inter-level travel time spent in this place.
 D = Time resting spent in this place.
 E = Time spent auto-exploring this place.
 F = Levels seen in this place.
 G = Mean time per level.
                   A        B        C        D        E       F      G
               +--------+--------+--------+--------+--------+-----+--------+
         Total |   5975 |   5975 |      0 |   3916 |     13 |   1 | 5975.0 |
       Dungeon |   5975 |   5975 |      0 |   3916 |     13 |   1 | 5975.0 |
               +--------+--------+--------+--------+--------+-----+--------+

Top non-repeatable levels by time:
       D: 5975 daAuts
